 Dungeon Crawl Stone Soup version 0.29.1-12-g30fa7ad0bf (webtiles) character file.

Game seed: 13313235731093736690

6171 mortz the Fighter (level 10, 0/82 HPs)
             Began as a Gnoll Abyssal Knight on Jan 1, 2023.
             Was a High Priest of Lugonu.
             Succumbed to a hornet's poison
             ... on level 9 of the Dungeon.
             The game lasted 01:03:35 (14686 turns).

mortz the Fighter (Gnoll Abyssal Knight)           Turns: 14686, Time: 01:03:36

Health: 0/82       AC: 16    Str: 16    XL:     10   Next: 91%
Magic:  8/18       EV: 14    Int: 10    God:    Lugonu [*****.]
Gold:   458        SH:  0    Dex: 13    Spells: 19/20 levels left

rFire   . . .      SeeInvis +   a - +3 falchion
rCold   . . .      Faith    .   (no shield)
rNeg    . . .      Spirit   .   S - +0 troll leather armour
rPois   .          Reflect  .   U - +0 helmet
rElec   .          Harm     .   h - +2 cloak
rCorr   .          Rampage  .   N - +1 pair of gloves
Will    .....                   (no boots)
Stlth   +++.......              (no amulet)
HPRegen 1.03/turn               y - +4 ring of protection
MPRegen 0.16/turn               E - ring of see invisible

@: lethally poisoned (0 -> -11)
A: fangs 1, strong nose, distributed training
a: Renounce Religion, Depart the Abyss, Bend Space, Banish, Corrupt, Enter the
Abyss


You were on level 9 of the Dungeon.
You worshipped Lugonu.
Lugonu was extremely pleased with you.
You visited 1 branch of the dungeon, and saw 9 of its levels.
You visited the Abyss 1 time.
You also visited: Sewer.

You collected 458 gold pieces.

Inventory:

Hand Weapons
 a - a +3 falchion (weapon)
 b - a +0 sling
 c - a +3 vorpal spear
 e - a +1 hand axe
 m - a +0 dagger
 u - a +0 quarterstaff
 v - a +1 mace of venom
 C - a +2 dagger of speed
 I - a +0 war axe
 J - a +0 flail of holy wrath
 M - a +0 short sword of venom
 Q - a +2 dagger of electrocution
Missiles
 i - a throwing net
 j - 60 poisoned darts
 G - 13 boomerangs
 H - 3 boomerangs of dispersal
 O - 2 curare-tipped darts
Armour
 g - a +1 plate armour
 h - a +2 cloak (worn)
 z - a +3 leather armour of willpower
 A - a +1 ring mail of fire resistance
 B - a +3 leather armour of cold resistance
 N - a +1 pair of gloves (worn)
 R - a +1 leather armour of poison resistance
 S - a +0 troll leather armour (worn)
 U - a +0 helmet (worn)
Jewellery
 k - a +6 ring of intelligence
 x - a ring of protection from fire
 y - a +4 ring of protection (left hand)
 E - a ring of see invisible (right hand)
Wands
 f - a wand of paralysis (2)
 K - a wand of quicksilver (7)
Scrolls
 l - a scroll of magic mapping
 q - 2 scrolls of teleportation
 T - a scroll of fear {unknown}
Potions
 n - a potion of curing
 o - 2 potions of resistance
 p - 2 potions of magic
 r - a potion of haste
 s - 3 potions of flight
 t - a potion of brilliance
 w - 2 potions of might
 D - a potion of mutation
 F - 2 potions of invisibility
 L - a potion of ambrosia
 P - a potion of degeneration {unknown}


   Skills:
 + Level 8.9 Fighting
 + Level 5.9 Short Blades
 + Level 5.9 Long Blades
 + Level 7.6 Axes
 + Level 5.9 Maces & Flails
 + Level 5.9 Polearms
 + Level 5.9 Staves
 + Level 5.9 Ranged Weapons
 + Level 5.9 Throwing
 + Level 7.6 Armour
 + Level 6.5 Dodging
 + Level 5.9 Stealth
 + Level 5.9 Shields
 + Level 5.9 Unarmed Combat
 + Level 5.9 Spellcasting
 + Level 4.9 Conjurations
 + Level 4.9 Hexes
 + Level 4.9 Summonings
 + Level 4.9 Necromancy
 + Level 4.9 Translocations
 + Level 4.9 Transmutations
 + Level 4.9 Fire Magic
 + Level 4.9 Ice Magic
 + Level 4.9 Air Magic
 + Level 4.9 Earth Magic
 + Level 4.9 Poison Magic
 + Level 8.0 Invocations
 + Level 5.9 Evocations


You had 19 spell levels left.
You knew the following spells:

 Your Spells              Type           Power      Damage    Failure   Level
a - Shock                 Conj/Air       48%        1d6       3%          1

Your spell library contained the following spells:

 Spells                   Type           Power      Damage    Failure   Level
 Blink                    Tloc           24%        N/A       4%          2
 Sublimation of Blood     Necr           12%        N/A       4%          2
 Wereblood                Tmut           12%        N/A       4%          2
 Gell's Gravitas          Tloc           12%        N/A       10%         3
 Ignite Poison            Fire/Tmut/Pois 12%        N/A       10%         3
 Inner Flame              Hex/Fire       12%        N/A       10%         3
 Lesser Beckoning         Tloc           12%        N/A       10%         3
 Mephitic Cloud           Conj/Pois/Air  12%        N/A       10%         3
 Swiftness                Air            12%        N/A       10%         3
 Teleport Other           Tloc           12%        N/A       10%         3
 Airstrike                Air            6%         2d(1-17)  32%         4
 Cause Fear               Hex            6%         N/A       32%         4
 Freezing Cloud           Conj/Ice/Air   6%         6-21      65%         5
 Manifold Assault         Tloc           12%        N/A       65%         5
 Dispersal                Tloc           6%         N/A       99%         6
 Summon Hydra             Summ           6%         N/A       100%        7
 Discord                  Hex            6%         N/A       100%        8


Dungeon Overview and Level Annotations

Branches:
Dungeon (9/15) Zot: 26299  Temple (0/1) D:6           Sewer (visited)
   Lair: D:8-11         Orc: D:9-12

Altars:
Dithmenos
Gozag
Hepliaklqana
Makhleb
Ru
Vehumet
Xom
Yredelemnul
The Shining One

Annotations:
D:3 1 runed translucent door, Crazy Yiuf
D:9 Harold


Innate Abilities, Weirdness & Mutations

You have very sharp teeth.
Your uncanny sense of smell can sniff out nearby items.
Your experience applies equally to all skills.


Message History

You barely miss the hornet.
The hornet is severely wounded.
You feel yourself speed up.
You feel very sick. The hornet barely misses you.
The orc warrior hits you from afar with a +0 halberd!
* * * LOW HITPOINT WARNING * * *
The hornet barely misses you.
You hit the hornet but do no damage.
The hornet is severely wounded.
You feel sick. The hornet stings you!
* * * LOW HITPOINT WARNING * * *
You are lethally poisoned!
You feel yourself slow down. The orc warrior barely misses you.
You are too injured to fight recklessly!
You feel better. The hornet barely misses you. The hornet closely misses you.
The hornet stings you.
* * * LOW HITPOINT WARNING * * *
You feel as though you will be slow longer.
The orc warrior misses you.
You feel much better. The hornet stings you!
* * * LOW HITPOINT WARNING * * *
You feel as though you will be slow longer.
The orc warrior closely misses you. The hornet closely misses you.
Okay, then.
Space bends violently around you!
You blink.
The hornet completely misses you. The hornet attacks as you move away!
The hornet barely misses you. The hornet attacks as you move away!
The hornet stings you!
* * * LOW HITPOINT WARNING * * *
You are poisoned.
You feel as though you will be slow longer.
You feel yourself speed up.
You feel very sick. The hornet stings you.
* * * LOW HITPOINT WARNING * * *
You are lethally poisoned!
You feel yourself slow down.
You feel yourself speed up.
You die...

#.#
###############.#
##..............)#
#..#############..
#.## #.. #.# ###
#.# # #.#
######oo#. .
#@###.o.)oooo. #
#..##o###o#o.. #
##y#..# # #.oo##
##### ∆


You could see a hornet and an orc warrior.

Vanquished Creatures
  Joseph (D:7)
  2 trolls
  8 yaks
  A vampire (D:8)
  2 water moccasins
  A sky beast (D:7)
  4 orc warriors
  An ice beast (D:8)
  3 black bears
  2 ogres
  6 bullfrogs
  6 kobold brigands
  2 necrophages (D:5)
  A gnoll sergeant (D:4)
  3 scorpions
  5 wights (D:6)
  8 killer bees
  2 howler monkeys
  5 hounds
  A gnoll bouda (D:4)
  8 orc priests
  Ijyb (D:2)
  An iguana (D:6)
  6 orc wizards
  Terence (D:3)
  20 gnolls
  7 adders
  2 shadow imps (D:7)
  A white imp (D:5)
  2 worms
  6 dart slugs
  50 orcs
  4 endoplasms
  9 giant cockroaches
  4 goblins
  8 hobgoblins
  8 jackals
  8 quokkas
  7 ball pythons
  3 bats
  7 frilled lizards
  44 kobolds
  A rat (D:3)
272 creatures vanquished.

Vanquished Creatures (others)
  An orc wizard (D:7)
  7 plants (D:9)
8 creatures vanquished.

Grand Total: 280 creatures vanquished

Notes
Turn   | Place    | Note
-------+----------+-------------------------------------------
     0 | Abyss:1  | mortz the Gnoll Abyssal Knight began the quest for the Orb.
     0 | Abyss:1  | Reached XP level 1. HP: 23/23 MP: 3/3
     1 | D:1      | Escaped the Abyss
   186 | D:1      | Reached XP level 2. HP: 22/29 MP: 5/5
   427 | D:1      | Reached XP level 3. HP: 25/35 MP: 6/6
  1325 | D:2      | Found a basalt altar of Yredelemnul.
  1478 | D:2      | Reached skill level 1 in Short Blades
  1478 | D:2      | Reached skill level 1 in Long Blades
  1478 | D:2      | Reached skill level 1 in Maces & Flails
  1478 | D:2      | Reached skill level 1 in Polearms
  1478 | D:2      | Reached skill level 1 in Staves
  1478 | D:2      | Reached skill level 1 in Ranged Weapons
  1478 | D:2      | Reached skill level 1 in Throwing
  1478 | D:2      | Reached skill level 1 in Stealth
  1478 | D:2      | Reached skill level 1 in Shields
  1478 | D:2      | Reached skill level 1 in Unarmed Combat
  1478 | D:2      | Reached skill level 1 in Spellcasting
  1478 | D:2      | Reached skill level 1 in Evocations
  1619 | D:2      | Reached XP level 4. HP: 41/41 MP: 7/7
  2123 | D:3      | Reached *** piety under Lugonu
  2151 | D:3      | Noticed Ijyb
  2162 | D:3      | Paralysed by Ijyb for 2 turns
  2164 | D:3      | Noticed Terence
  2174 | D:2      | Paralysed by Ijyb for 4 turns
  2180 | D:2      | Paralysed by Ijyb for 4 turns
  2188 | D:2      | Paralysed by Ijyb for 3 turns
  2192 | D:2      | Killed Ijyb
  2193 | D:2      | Reached skill level 1 in Conjurations
  2193 | D:2      | Reached skill level 1 in Hexes
  2193 | D:2      | Reached skill level 1 in Summonings
  2193 | D:2      | Reached skill level 1 in Necromancy
  2193 | D:2      | Reached skill level 1 in Translocations
  2193 | D:2      | Reached skill level 1 in Transmutations
  2193 | D:2      | Reached skill level 1 in Fire Magic
  2193 | D:2      | Reached skill level 1 in Ice Magic
  2193 | D:2      | Reached skill level 1 in Air Magic
  2193 | D:2      | Reached skill level 1 in Earth Magic
  2193 | D:2      | Reached skill level 1 in Poison Magic
  2306 | D:3      | Reached XP level 5. HP: 32/47 MP: 8/8
  2643 | D:3      | Found a runed translucent door.
  2644 | D:3      | Noticed Crazy Yiuf
  3187 | D:3      | Killed Terence
  3510 | D:4      | Noticed a water moccasin
  3528 | D:3      | Killed a water moccasin
  3529 | D:3      | Reached skill level 5 in Axes
  3529 | D:3      | Reached skill level 5 in Armour
  3529 | D:3      | Reached skill level 5 in Invocations
  3529 | D:3      | Reached XP level 6. HP: 23/53 MP: 9/9
  3621 | D:4      | Found a sacrificial altar of Ru.
  3844 | D:4      | Reached XP level 7. HP: 39/59 MP: 10/10
  3851 | D:4      | Found a glowing drain.
  3855 | Sewer    | Entered a sewer
  4150 | Sewer    | Reached **** piety under Lugonu
  5040 | D:4      | Reached XP level 8. HP: 67/67 MP: 12/12
  5985 | D:4      | Found a sacrificial altar of Ru.
  6461 | D:5      | Entered Level 5 of the Dungeon
  7208 | D:5      | Found a burning altar of Makhleb.
  7782 | D:5      | Learned a level 1 spell: Shock
  8631 | D:6      | Reached XP level 9. HP: 63/73 MP: 4/14
  8920 | D:6      | Found a staircase to the Ecumenical Temple.
  8942 | D:6      | Reached skill level 5 in Dodging
  9282 | D:6      | Reached ***** piety under Lugonu
  9474 | D:6      | Found a shimmering altar of Xom.
  9489 | D:6      | Found a hazy altar of Hepliaklqana.
  9490 | D:6      | Noticed a spectral ugly thing
 10505 | D:7      | Noticed a troll
 10528 | D:7      | Killed a troll
 10944 | D:7      | Found an opulent altar of Gozag.
 10974 | D:7      | Found a shadowy altar of Dithmenos.
 11187 | D:7      | Noticed Joseph
 11215 | D:7      | Killed Joseph
 11216 | D:7      | Reached skill level 5 in Short Blades
 11216 | D:7      | Reached skill level 5 in Long Blades
 11216 | D:7      | Reached skill level 5 in Maces & Flails
 11216 | D:7      | Reached skill level 5 in Polearms
 11216 | D:7      | Reached skill level 5 in Staves
 11216 | D:7      | Reached skill level 5 in Ranged Weapons
 11216 | D:7      | Reached skill level 5 in Throwing
 11216 | D:7      | Reached skill level 5 in Stealth
 11216 | D:7      | Reached skill level 5 in Shields
 11216 | D:7      | Reached skill level 5 in Unarmed Combat
 11216 | D:7      | Reached skill level 5 in Spellcasting
 11216 | D:7      | Reached skill level 5 in Evocations
 11216 | D:7      | Reached XP level 10. HP: 61/81 MP: 8/17
 12280 | D:8      | Found a glowing golden altar of the Shining One.
 14221 | D:9      | Found a radiant altar of Vehumet.
 14391 | D:9      | Noticed Harold
 14667 | D:9      | Paralysed by a hornet for 2 turns
 14679 | D:9      | HP: 4/82 [hornet (10)]
 14685 | D:9      | HP: 4/82 [hornet (2)]
 14686 | D:9      | Succumbed to a hornet's poison

Illustrated notes

Levels and vault maps discovered:
D:1:      dpeg_arrival_solitude, layout_rooms, chequers_big_river, hex_medium
D:2:      layout_basic, basic_altar
D:3:      layout_rooms, uniq_ijyb, uniq_terence, uniq_crazy_yiuf_cottage
D:4:      layout_cave_pods, mainiacjoe_overflow_six_doors_small,
          gup_sewer_entry_bowl
D:5:      layout_cave_pools, makhleb_heckhound_becter, hangedman_glass_teeth
D:6:      layout_loops_corners, regret_index_temple_of_mockery,
          minmay_temple_entry_sparse_star
D:7:      layout_loops_ring, nicolae_dithmenos_through_a_glass_darkly,
          nicolae_gozag_seed_capital, uniq_joseph
D:8:      layout_loops_ring, tso_metal_star, nzn_life_drinkers
D:9:      nzn_winding_woodlands_three_and_one
          [nzn_winding_woodlands_5x15_split_checker,
          nzn_winding_woodlands_5x15_garden,
          nzn_winding_woodlands_5x15_sidewinder,
          nzn_winding_woodlands_center_triple_pond], layout_loops_ring,
          old_standard_altar, hiddenorc1_lemuel, uniq_harold

Skill      XL: |  1  2  3  4  5  6  7  8  9 10 |
---------------+-------------------------------+-----
Short Blades   | 1 2 3 5 |  5.9
Long Blades    | 1 2 3 5 |  5.9
Maces & Flails | 1 2 3 5 |  5.9
Polearms       | 1 2 3 5 |  5.9
Staves         | 1 2 3 5 |  5.9
Ranged Weapons | 1 2 3 5 |  5.9
Throwing       | 1 2 3 5 |  5.9
Stealth        | 1 2 3 5 |  5.9
Shields        | 1 2 3 5 |  5.9
Unarmed Combat | 1 2 3 5 |  5.9
Spellcasting   | 1 2 3 5 |  5.9
Evocations     | 1 2 3 5 |  5.9
Conjurations   | 1 2 3 4 |  4.9
Hexes          | 1 2 3 4 |  4.9
Summonings     | 1 2 3 4 |  4.9
Necromancy     | 1 2 3 4 |  4.9
Translocations | 1 2 3 4 |  4.9
Transmutations | 1 2 3 4 |  4.9
Fire Magic     | 1 2 3 4 |  4.9
Ice Magic      | 1 2 3 4 |  4.9
Air Magic      | 1 2 3 4 |  4.9
Earth Magic    | 1 2 3 4 |  4.9
Poison Magic   | 1 2 3 4 |  4.9
Dodging        | 3 4 5 6 |  6.5
Axes           | 5 6 7 |  7.6
Armour         | 5 6 7 |  7.6
Invocations    | 5 6 7 8 |  8.0
Fighting       | 7 8 |  8.9

Action                   |  1- 3 |  4- 6 |  7- 9 | 10-12 || total
-------------------------+-------+-------+-------+-------++-------
Melee: Hand axe          |    92 |     1 |       |       ||    93
       Bite              |    10 |    14 |    53 |    32 ||   109
       Punch             |     2 |     2 |    12 |    13 ||    29
       War axe           |       |    85 |   143 |    10 ||   238
       Mace              |       |    46 |     6 |       ||    52
       Spear             |       |       |    54 |       ||    54
       Flail             |       |       |    20 |       ||    20
       Falchion          |       |       |   165 |   188 ||   353
 Fire: Sling             |    27 |    14 |    70 |       ||   111
 Cast: Shock             |       |       |   130 |   176 ||   306
Invok: Bend Space        |       |       |     3 |     1 ||     4
  Use: Scroll            |       |    10 |     5 |     4 ||    19
       Potion            |       |     2 |     4 |     3 ||     9
 Stab: Sleeping          |       |       |     1 |       ||     1
Armor: Ring mail         |    15 |       |       |       ||    15
       Leather armour    |     3 |       |   168 |    71 ||   242
       Plate armour      |    49 |   130 |    76 |       ||   255
       Troll leather arm |       |       |       |    37 ||    37
Dodge: Dodged            |    30 |    40 |   347 |   248 ||   665
